AoeStats
← Tolin

Black Forest

508754618Analyzed
2v2 RM · 8d ago on Sep 23, 2026· 48m 34s· 4 players
Game mode
Random Map
Map size
Medium (4 player)
Population
200
Speed
Normal
Resources
Standard
Victory
Conquest
Starting age
Dark Age
Ending age
Imperial Age
RankedLock teamsTeams togetherTeam positionsShared explorationLock speedFull tech treeHidden civsTurbo modeCheats
Victory
Defeat
🇨🇴 Turks · Colombia
949
+10
🇨🇴 Byzantines · Colombia
872
+13
🇦🇷 Bengalis · Argentina
861
-21
🇨🇱 Romans · Chile
771
-10
GoGoGonza
5:16 Loom
11:37 Feudal Age
13:12 Double-Bit Axe
14:26 Town Watch
16:28 Wheelbarrow
18:10 Castle Age
16:17 Gold Mining
17:07 Horse Collar
17:23 Fletching
17:37 Padded Archer Armor
20:37 Bodkin Arrow
21:02 Bow Saw
25:13 Hand Cart
26:04 Leather Archer Armor
27:01 Stone Mining
27:28 Heavy Plow
28:13 Ballistics
32:08 Gold Shaft Mining
31:55 Husbandry
32:06 Bloodlines
32:46 Paiks
36:29 Imperial Age
37:35 Conscription
37:09 Elite Elephant Archer
38:32 Fervor
38:47 Block Printing
39:01 Town Patrol
44:05 Elite Battle Elephant
Tolin
1:47 Loom
15:47 Feudal Age
16:21 Double-Bit Axe
17:32 Wheelbarrow
17:31 Gold Mining
19:22 Man-at-Arms
24:17 Castle Age
23:18 Town Watch
26:04 Gold Shaft Mining
25:22 Stone Mining
26:07 Gold Shaft Mining
25:44 Bow Saw
25:16 Horse Collar
27:26 Hand Cart
27:12 Town Patrol
27:25 Heavy Plow
30:30 Fletching
30:40 Padded Archer Armor
30:11 Crossbowman
36:35 Bodkin Arrow
36:56 Leather Archer Armor
39:42 Forging
39:33 Scale Mail Armor
40:31 Long Swordsman
41:13 Squires
42:57 Iron Casting
42:38 Chain Mail Armor
46:01 Pikeman
andres simijaca
2:38 Loom
14:04 Feudal Age
14:28 Horse Collar
14:39 Double-Bit Axe
15:22 Man-at-Arms
18:03 Gold Mining
20:09 Wheelbarrow
19:31 Arson
20:36 Forging
20:56 Scale Mail Armor
22:05 Fletching
23:14 Padded Archer Armor
27:57 Castle Age
27:47 Stone Mining
28:01 Elite Skirmisher
28:42 Bodkin Arrow
29:16 Leather Archer Armor
28:27 Long Swordsman
28:55 Gambesons
29:44 Squires
32:09 Thumb Ring
33:16 Leather Archer Armor
33:55 Stone Shaft Mining
41:44 Imperial Age
39:29 Scale Barding Armor
40:02 Bow Saw
41:19 Iron Casting
41:32 Hand Cart
42:06 Gold Shaft Mining
44:22 Bracer
43:49 Capped Ram
45:48 Chain Barding Armor
47:19 Ballistics
48:57 Chemistry
48:11 Siege Ram
zamithdaniel
5:38 Loom
11:20 Feudal Age
12:07 Double-Bit Axe
19:05 Castle Age
19:21 Horse Collar
20:26 Bow Saw
20:20 Heavy Plow
27:18 Gold Mining
30:32 Imperial Age
28:51 Gold Mining
28:55 Stone Mining
29:57 Padded Archer Armor
30:07 Forging
30:03 Scale Barding Armor
30:47 Loom
31:38 Wheelbarrow
30:48 Town Watch
32:09 Gold Shaft Mining
32:03 Fortified Wall
32:14 Ballistics
33:27 Hand Cart
34:36 Leather Archer Armor
34:57 Iron Casting
34:42 Chain Barding Armor
35:39 Conscription
35:20 Artillery
35:47 Elite Janissary
37:46 Two-Man Saw
37:26 Bloodlines
37:17 Husbandry
42:21 Devotion
43:19 Ring Archer Armor
45:32 Blast Furnace
45:08 Plate Barding Armor
Connection lost

Rejoining the realm…

Still unreachable

The connection could not be restored.

Session expired

The server has moved on; the page needs a fresh start.